 Dungeon Crawl Stone Soup version 0.19-a0-644-gd04d753 (webtiles) character file.

471714 Kenran the Wrestler (level 24, -3/207 HPs)
             Began as a Ghoul Fighter on June 14, 2016.
             Was the Champion of Ru.
             Slain by a titan (41 damage)
             ... on level 2 of the Depths.
             The game lasted 03:18:42 (50226 turns).

Kenran the Wrestler (Ghoul Fighter)                Turns: 50226, Time: 03:18:43

Health: -3/207     AC: 21    Str: 28    XL:     24   Next: 36%
Magic:  22/22      EV:  6    Int: 10    God:    Ru [******]
Gold:   2807       SH: 19    Dex: 20    Spells: 0 memorised, 23 levels left

rFire  + . .     SeeInvis .       - Unarmed
rCold  + . .     Gourm    .     T - +0 crystal plate armour
rNeg   + + +     Faith    .     E - +2 shield
rPois  ∞         Spirit   .     g - +2 helmet
rElec  .         Dismiss  .     W - +2 cloak
rCorr  .         Reflect  .     (no gloves)
SustAt .         Harm     .     P - +2 pair of boots of Pride {Int+7}
MR     ++...                    x - amulet of regeneration
Stlth  ..........               f - ring of Obetiudgh {MR+ AC+4 Dex+4}
                                s - ring "Orien" {rPois rF+ Stlth+}

@: mighty, corroded, horrified, rotting, very resistant to hostile enchantments,
extremely unstealthy
A: rotting body, claws 1, carnivore 3, cold resistance 1, frail 1, negative
energy resistance 3, slow regeneration 1, torment resistance, unbreathing, no
stealth, hated by all, cowardly, inability to train dodging, no air magic, no
charms magic, no necromancy magic, reduced AC 1
a: Draw Out Power, Power Leap, Apocalypse, Renounce Religion
}: 3/15 runes: decaying, serpentine, silver


You were on level 2 of the Depths.
You worshipped Ru.
Ru was exalted by your worship.
You were not hungry.

You visited 9 branches of the dungeon, and saw 41 of its levels.
You visited 1 bazaar.
You also visited: Bailey and Ice Cave.

You collected 5592 gold pieces.
You spent 2785 gold pieces at shops.

Inventory:

Armour
 g - a +2 helmet (worn)
 E - a +2 shield (worn)
 P - the +2 pair of boots of Pride (worn) {Int+7}
   (You found it on level 1 of the Vaults)

   It affects your intelligence (+7).
 T - a +0 crystal plate armour (worn)
 W - a +2 cloak (worn)
Rods
 j - a +3 rod of clouds (13/13) {!a}
   (You took it off an ironheart preserver on level 5 of the Vaults)
Jewellery
 f - the ring of Obetiudgh (right claw) {MR+ AC+4 Dex+4}
   (You bought it in a shop in a bazaar)

   [ring of protection]

   It affects your AC (+4).
   It affects your dexterity (+4).
   It affects your resistance to hostile enchantments.
 n - the ring of Wonder {rC+ MR+}
   (You found it on level 12 of the Dungeon)

   [ring of protection from cold]

   It protects you from cold.
   It affects your resistance to hostile enchantments.
 s - the ring "Orien" (left claw) {rPois rF+ Stlth+}
   (You found it in an ice cave)

   [ring of stealth]

   It protects you from fire.
   It protects you from poison.
   It makes you more stealthy.
 x - an amulet of regeneration (around neck)
Wands
 b - a wand of heal wounds (2/9) {@v2}
 t - a wand of acid (11/15)
 y - a wand of teleportation (4/9) {@v4}
 D - a wand of iceblast (10/15)
 H - a wand of paralysis (12/24)
 I - a wand of disintegration (17/24)
 Q - a wand of digging (16/24)
Scrolls
 h - 7 scrolls of recharging
 i - 4 scrolls of fear
 k - 7 scrolls of noise {!r}
 o - 5 scrolls of teleportation {@r4}
 v - 15 scrolls of remove curse {@r2}
 w - 6 scrolls of holy word {!r}
 z - 6 scrolls of magic mapping
 A - 8 scrolls of enchant armour
 F - 4 scrolls of fog
 K - 5 scrolls of immolation {!r}
 L - 5 scrolls of identify {@r1}
 N - 2 scrolls of torment
 S - 2 scrolls of blinking
Potions
 a - 2 potions of cancellation
 e - 13 potions of curing {@q1}
 l - 3 potions of agility
 q - 3 potions of resistance
 G - 3 potions of might
 J - 2 potions of haste {@q3}
 R - a potion of flight
Comestibles
 c - 3 chunks of flesh
 d - 32 meat rations {@e1}


   Skills:
 - Level 22.0 Fighting
 + Level 16.9 Armour
 - Level 18.5 Shields
 - Level 24.1 Unarmed Combat


You had 23 spell levels left.
You didn't know any spells.

Dungeon Overview and Level Annotations

Branches:
Dungeon (15/15)            Temple (1/1) D:4            Lair (6/6) D:8
  Swamp (4/4) Lair:2        Snake (4/4) Lair:2        Slime (0/5) Lair:5
    Orc (2/2) D:10            Elf (2/3) Orc:2        Vaults (5/5) D:14
  Crypt (0/3) Vaults:2     Depths (2/5) D:15

Altars:
Ashenzari
Cheibriados
Dithmenos
Elyvilon
Fedhas
Gozag
Hepliaklqana
Kikubaaqudgha
Makhleb
Nemelex Xobeh
Okawaru
Pakellas
Qazlal
Ru
Sif Muna
Trog
Uskayaw
Vehumet
Xom
Yredelemnul
Zin
The Shining One
Beogh
Jiyva

Shops:
D:9 *   Orc:2 [[[(   Elf:2 !   Snake:2 }   Snake:3 ?   Snake:4 *   Vaults:1 :

Portals:
Hell: Depths:1 Depths:2
Abyss: Depths:2
Ziggurat: Depths:2

Annotations:
D:11 Sonja
Swamp:4 Mara


Innate Abilities, Weirdness & Mutations

Your body is rotting away.
You thrive on raw meat.
You are immune to poison.
You have sharp fingernails.
You are carnivorous and can eat meat at any time.
Your flesh is cold resistant. (rC+)
You are frail. (-10% HP)
You are immune to negative energy. (rN+++)
You regenerate slowly when monsters are visible.
You are immune to unholy pain and torment.
You can survive without breathing.
You cannot be stealthy.
You are hated by all.
Your cowardice makes you less effective in combat with threatening monsters.
You cannot train Dodging skill.
You cannot study or cast Air magic.
You cannot study or cast Charms magic.
You cannot study or cast Necromancy magic.
You take slightly more damage. (AC -3)


Message History

Press: ? - help, Shift-Dir - straight line, f - you You feel much better.
This wand has 2 charges left.
You block the redback's attack.
The titan waves its arms in wide circles.
The air twists around and strikes you!
* * * LOW HITPOINT WARNING * * *
You block the redback's attack.
You redirect the iron dragon's attack!
The iron dragon barely misses you. The iron dragon claws you!
* * * LOW HITPOINT WARNING * * *
The iron dragon tramples you but does no damage.
The entropy weaver mumbles some strange words.
The entropic weave corrodes you!
You mangle the titan!!
The titan is moderately wounded.
You mangle the titan!!
The titan is heavily wounded.
You hear an angry hiss.
You block the redback's attack. The titan hits you!!!
You die...

.......▒▒.......≈...▒▒.▓▓..▒▒
..▒▒▒▒▒▒▒▒▒▒▒▒.......▒▒.▓⌠..▒▒
▒▒▒ ▒▒▒.....▒▒▒.▓▓..▒▒ ▒
▒.▒▒▒..++ ▒▒.▓...▒ ▒▒.. ▒▒▒+
▒▒....▒▒ ▒... ▒▒ ▒▒....▒
...▓▓.▒ ▒....▒ ▒.D⌠▓ ▒▒.'▒▒▒
▒@C▓ ▒▒'..▒ ▒▒s.p.▒ ▒....▒
▒....▒ ▒▒.... ..'▒▒ ▒.... ▒'..
▒.▒.. ...▒ ▒.▒.. ..▒ ▒.▒.. .▒
▒.... ▒.▒..


You could see an iron dragon, a titan, an entropy weaver and a redback.

Vanquished Creatures
  Margery (Vaults:3)
  2 caustic shrikes (Depths:2)
  2 golden dragons
  6 tentacled monstrosities
  A lich (Depths:2)
  3 quicksilver dragons
  Asterion (Snake:3)
  5 titans (Vaults:5)
  5 sphinxes
  Agnes (Snake:4)
  4 shadow dragons
  Frances (Swamp:2)
  A thorn hunter (Swamp:4)
  2 tengu reavers (Vaults:5)
  The ghost of ldierk the Executioner, an adept HOFi of Uskayaw (Snake:4)
  4 storm dragons
  10 greater nagas
  14 vault wardens
  7 fire giants
  8 frost giants
  Maud (D:11)
  5 deep elf sorcerers
  An orc warlord (Orc:2)
  An iron dragon (Vaults:5)
  A ghoul (Vaults:5)
  2 deep elf elementalists (Vaults:5)
  20 stone giants
  A war gargoyle (Vaults:2)
  13 ironheart preservers
  The ghost of SataraUzumaki the Blocker, a journeyman DDBe of Trog (Lair:6)
  Nessos (D:12)
  3 very ugly things (Vaults:5)
  3 deep elf demonologists
  A dire elephant (Lair:6)
  2 spark wasps (Depths:1)
  2 deep elf annihilators
  2 deep elf death magi
  9 ettins
  5 fire dragons
  11 hydras
  9 yaktaur captains
  16 ogre magi
  4 deep elf high priests (Vaults:5)
  5 great orbs of eyes
  Harold (D:11)
  25 vault guards
  8 naga warriors
  A rakshasa (Depths:2)
  2 catoblepae
  6 ice dragons
  12 centaur warriors
  21 anacondas
  Erica (D:10)
  4 tengu warriors
  A ghost crab (Swamp:3)
  4 death knights
  5 deep troll earth magi
  A queen ant (Lair:1)
  4 deep troll shamans
  4 death yaks
  24 dancing weapons
  7 alligators
  9 shock serpents
  14 naga sharpshooters
  2 orc high priests
  27 deep elf knights
  Nergalle (Lair:3)
  A fire crab (Vaults:5)
  A salamander mystic (Snake:3)
  2 iron trolls (Depths:2)
  2 shadow wraiths
  3 hell knights (Vaults:3)
  3 small abominations (Vaults:4)
  3 wizards
  A sea snake (shapeshifter) (Vaults:2)
  13 deep trolls
  A golden dragon zombie (Depths:2)
  10 skeletal warriors
  4 unseen horrors
  7 naga ritualists
  2 spriggan druids
  A giant orange brain (Vaults:2)
  2 flayed ghosts
  12 ironbrand convokers
  15 deep elf archers
  3 swamp dragons
  6 hill giants
  20 orc knights
  4 phantasmal warriors
  A shambling mangrove (Swamp:4)
  3 necromancers
  6 griffons
  2 wolf spiders
  51 deep elf magi
  5 mana vipers
  54 ugly things
  3 manticores
  4 hornets
  4 cyclopes
  8 elephants
  14 salamanders
  5 orc sorcerers
  34 black mambas
  12 guardian serpents
  A manticore (shapeshifter) (Depths:2)
  An octopode (shapeshifter) (Vaults:2)
  17 naga magi
  5 vault sentinels
  2 centaur zombies (D:13)
  12 spiny frogs
  2 ice statues (IceCv)
  3 gargoyles
  6 kobold demonologists
  2 rime drakes (IceCv)
  7 freezing wraiths
  41 yaktaurs
  6 komodo dragons
  A queen bee (D:15)
  4 polar bears
  A queen bee (shapeshifter) (Vaults:3)
  34 two-headed ogres
  9 trolls
  6 meliai
  A two-headed ogre (shapeshifter) (D:14)
  24 slime creatures
  5 giant leeches
  2 raiju (shapeshifter)
  2 bog bodies
  21 blink frogs
  An ettin zombie (Depths:2)
  10 boulder beetles
  A fire giant simulacrum (Vaults:3)
  A stone giant simulacrum (Vaults:3)
  3 shadows
  2 water elementals
  2 centaur simulacra
  2 wraiths
  6 spriggans
  An air elemental (Elf:2)
  7 redbacks
  34 yaks
  A tarantella (Vaults:4)
  A wyvern (Lair:4)
  A human (shapeshifter) (Vaults:3)
  6 large abominations
  A vampire (D:14)
  4 fire elementals
  8 hippogriffs
  8 basilisks
  A redback simulacrum (D:14)
  A hungry ghost (D:14)
  19 vampire mosquitoes
  An elf skeleton (Depths:2)
  2 swamp worm simulacra (Swamp:4)
  7 insubstantial wisps
  7 wargs
  56 nagas
  A harpy simulacrum (D:13)
  24 swamp worms
  A mottled dragon (D:10)
  10 soldier ants
  2 hell hounds (D:8)
  14 hydra simulacra (Swamp:4)
  2 giant eyeballs (shapeshifter)
  8 porcupines
  8 water moccasins
  5 swamp drakes
  19 ice beasts
  73 orc warriors
  2 sky beasts
  A black bear (shapeshifter) (Vaults:1)
  63 ogres
  2 black bears
  10 wasps
  2 eyes of draining
  A necrophage (D:11)
  3 phantoms
  10 wolves
  7 crocodiles
  25 centaurs
  3 big kobolds
  3 elf zombies (Elf:1)
  18 giant frogs
  Blork the orc (D:6)
  An earth elemental (Elf:1)
  A wyvern zombie (D:13)
  29 killer bees (D:14)
  7 scorpions
  A howler monkey (D:7)
  16 wights
  3 human simulacra
  2 electric eels
  8 crimson imps
  A giant frog zombie (D:11)
  A gnoll shaman (D:7)
  A wyvern simulacrum (D:13)
  10 jellies
  6 hounds
  29 orc priests
  Crazy Yiuf (D:5)
  3 giant frog skeletons
  43 orc wizards
  7 centaur skeletons
  Terence (D:2)
  12 iguanas
  5 hell rats (Lair:5)
  27 worker ants
  17 sheep
  A hound zombie (D:6)
  14 gnolls
  A howler monkey skeleton (D:9)
  7 adders
  22 river rats
  7 shadow imps
  15 white imps
  6 swamp drake simulacra (Swamp:4)
  2 ufetubi (D:13)
  5 oozes (D:11)
  2 adder skeletons
  2 worms (D:2)
  4 dart slugs
  4 giant geckos
  146 orcs
  4 giant cockroaches
  13 goblins
  10 hobgoblins
  7 quokkas
  5 ball pythons
  8 bats
  A giant gecko skeleton (D:4)
  A giant gecko zombie (D:6)
  7 giant newts
  A jackal skeleton (D:9)
  19 kobolds
  16 rats
1993 creatures vanquished.

Vanquished Creatures (others)
  Nikola (Elf:2)
  A tengu reaver (Vaults:2)
  An ettin (Depths:2)
  A catoblepas (D:14)
  An anaconda (Snake:4)
  2 ogre magi
  3 alligators
  2 dancing weapons (Elf:2)
  A spriggan berserker (Depths:2)
  A naga sharpshooter (Snake:3)
  A deep elf knight (Elf:2)
  A deep troll (Depths:2)
  A flayed ghost (Vaults:2)
  An ironbrand convoker (Vaults:4)
  A deep elf mage (Elf:2)
  A moth of wrath (shapeshifter) (Vaults:5)
  A salamander (Snake:3)
  A guardian serpent (Snake:4)
  A spiny frog (Lair:6)
  A torpor snail (shapeshifter) (Vaults:4)
  A yaktaur (Vaults:4)
  A giant leech (Swamp:2)
  A troll (D:14)
  3 two-headed ogres
  A spriggan (Swamp:2)
  A wyvern (D:12)
  2 water elementals
  2 vampire mosquitoes (Swamp:4)
  4 swamp worms
  2 hydra simulacra (Swamp:4)
  An orc warrior (Bailey)
  A swamp drake (Swamp:4)
  2 centaurs (D:14)
  3 ogres
  A killer bee (D:14)
  3 orcs
  5 fungi (Lair:6)
  3 plants (D:14)
61 creatures vanquished.

Grand Total: 2054 creatures vanquished

Notes
Turn   | Place    | Note
--------------------------------------------------------------
     0 | D:1      | Kenran the Ghoul Fighter began the quest for the Orb.
     0 | D:1      | Reached XP level 1. HP: 19/19 MP: 0/0
    57 | D:1      | Reached XP level 2. HP: 26/26 MP: 1/1
    58 | D:1      | Reached skill level 3 in Unarmed Combat
   380 | D:1      | Reached XP level 3. HP: 31/31 MP: 2/2
   670 | D:2      | Found a faded altar of an unknown god.
   688 | D:2      | Reached skill level 4 in Unarmed Combat
   795 | D:2      | Found a basalt altar of Yredelemnul.
   821 | D:2      | Noticed Terence
   844 | D:2      | Killed Terence
   844 | D:2      | Reached XP level 4. HP: 20/38 MP: 3/3
   902 | D:2      | Reached skill level 5 in Unarmed Combat
   906 | D:2      | Reached XP level 5. HP: 26/45 MP: 4/4
  1283 | D:2      | Reached skill level 6 in Unarmed Combat
  1480 | D:3      | Noticed an ogre
  1496 | D:3      | Killed an ogre
  1496 | D:3      | Reached XP level 6. HP: 35/51 MP: 5/5
  1798 | D:3      | Reached skill level 7 in Unarmed Combat
  2635 | D:4      | Found a bloodstained altar of Trog.
  2637 | D:4      | Found a deep blue altar of Sif Muna.
  2638 | D:4      | Found a stormy altar of Qazlal.
  2642 | D:4      | Found a glowing golden altar of the Shining One.
  2911 | D:4      | Found a staircase to the Ecumenical Temple.
  2970 | Temple   | Entered the Ecumenical Temple
  3005 | Temple   | Became a worshipper of Ru the Awakened
  3122 | D:4      | Found an opulent altar of Gozag.
  3182 | D:4      | Reached skill level 8 in Unarmed Combat
  3182 | D:4      | Reached XP level 7. HP: 56/56 MP: 6/6
  3646 | D:4      | Found an iron altar of Okawaru.
  3808 | D:5      | Entered Level 5 of the Dungeon
  3945 | D:5      | Found a hazy altar of Hepliaklqana.
  4005 | D:5      | Reached skill level 9 in Unarmed Combat
  4222 | D:5      | Noticed Crazy Yiuf
  4235 | D:5      | Killed Crazy Yiuf
  4320 | D:5      | Reached XP level 8. HP: 23/63 MP: 7/7
  4733 | D:6      | Noticed Blork the orc
  4738 | D:6      | Killed Blork the orc
  4852 | D:6      | Reached skill level 5 in Shields
  5283 | D:7      | Reached skill level 5 in Fighting
  5341 | D:7      | Found an oddly glowing altar of Pakellas.
  5815 | D:7      | Reached XP level 9. HP: 72/77 MP: 8/8
  5823 | D:7      | Reached skill level 10 in Unarmed Combat
  6289 | D:8      | Reached skill level 11 in Unarmed Combat
  6644 | D:8      | Found a staircase to the Lair.
  6830 | D:9      | Found a blossoming altar of Fedhas.
  6830 | D:9      | Found Nimuipla's General Store.
  6848 | D:9      | Bought a scroll of teleportation for 36 gold pieces
  6848 | D:9      | Bought a scroll of identify for 24 gold pieces
  6882 | D:9      | Reached skill level 5 in Armour
  7203 | D:9      | Found a burning altar of Makhleb.
  7330 | D:9      | Reached XP level 10. HP: 84/84 MP: 9/9
  7590 | D:10     | Entered Level 10 of the Dungeon
  8114 | D:10     | Found a staircase to the Orcish Mines.
  8413 | D:10     | Noticed a hill giant
  8435 | D:9      | Killed a hill giant
  8435 | D:9      | Reached skill level 12 in Unarmed Combat
  8467 | D:10     | Noticed Erica
  8473 | D:10     | Killed Erica
  8517 | D:10     | Reached skill level 13 in Unarmed Combat
  8576 | D:10     | Gained mutation: You take slightly more damage. (AC -3) [Ru sacrifice]
  8839 | Lair:1   | Entered Level 1 of the Lair of Beasts
  8863 | D:8      | Reached XP level 11. HP: 75/94 MP: 10/10
  8900 | Lair:1   | Reached skill level 14 in Unarmed Combat
  9243 | Lair:1   | Noticed a queen ant
  9267 | Lair:1   | Killed a queen ant
  9347 | Lair:1   | Reached skill level 15 in Unarmed Combat
 10325 | Lair:2   | Gained mutation: You are hated by all. [Ru sacrifice]
 10325 | Lair:2   | Reached * piety under Ru
 10325 | Lair:2   | Reached ** piety under Ru
 10564 | Lair:2   | Reached skill level 1 in Dodging
 10590 | Lair:2   | Found a staircase to the Swamp.
 10691 | Lair:2   | Found a staircase to the Snake Pit.
 10744 | Lair:2   | Noticed a four-headed hydra
 10754 | Lair:2   | Killed a four-headed hydra
 10754 | Lair:2   | Reached XP level 12. HP: 38/101 MP: 11/11
 11166 | Lair:3   | Reached skill level 5 in Dodging
 11213 | Lair:3   | Noticed Nergalle
 11224 | Lair:3   | Killed Nergalle
 11964 | Lair:4   | Gained mutation: You cannot study or cast Air magic. [Ru sacrifice]
 11964 | Lair:4   | Gained mutation: You cannot study or cast Necromancy magic. [Ru sacrifice]
 11964 | Lair:4   | Gained mutation: You cannot study or cast Charms magic. [Ru sacrifice]
 11964 | Lair:4   | Reached *** piety under Ru
 12245 | Lair:4   | Noticed a six-headed hydra
 12257 | Lair:4   | Killed a six-headed hydra
 12257 | Lair:4   | Reached skill level 10 in Fighting
 13385 | Lair:5   | Reached XP level 13. HP: 103/116 MP: 12/12
 13390 | Lair:5   | Reached skill level 16 in Unarmed Combat
 13522 | Lair:5   | Found a frozen archway.
 13600 | IceCv    | Entered an ice cave
 13832 | IceCv    | Noticed an ice dragon
 13837 | IceCv    | Noticed an ice dragon
 13862 | IceCv    | Killed an ice dragon
 13862 | IceCv    | Reached skill level 17 in Unarmed Combat
 13866 | IceCv    | Killed an ice dragon
 13910 | IceCv    | Got a translucent tin ring
 14574 | Lair:5   | Found a viscous altar of Jiyva.
 14574 | Lair:5   | Found a staircase to the Slime Pits.
 14740 | Lair:6   | Entered Level 6 of the Lair of Beasts
 14833 | Lair:6   | Found a deep blue altar of Sif Muna.
 15072 | Lair:6   | Noticed SataraUzumaki's ghost (journeyman DDBe)
 15226 | Lair:6   | Reached skill level 18 in Unarmed Combat
 15638 | Lair:6   | Reached XP level 14. HP: 60/123 MP: 13/13
 15659 | Lair:6   | Reached skill level 10 in Armour
 15926 | Lair:6   | Identified the ring "Orien" {rPois rF+ Stlth+} (You found it in an ice cave)
 15968 | Lair:6   | Noticed a dire elephant
 16007 | Lair:6   | Killed a dire elephant
 16286 | Lair:6   | Killed SataraUzumaki's ghost
 16592 | Orc:1    | Entered Level 1 of the Orcish Mines
 16946 | Orc:1    | Gained mutation: You cannot be stealthy. [Ru sacrifice]
 17023 | Orc:2    | Entered Level 2 of the Orcish Mines
 17088 | Orc:2    | Found a roughly hewn altar of Beogh.
 17109 | Orc:2    | Found a staircase to the Elven Halls.
 17349 | Orc:2    | Found a roughly hewn altar of Beogh.
 17437 | Orc:2    | Found a roughly hewn altar of Beogh.
 17519 | Orc:2    | Found a roughly hewn altar of Beogh.
 17520 | Orc:2    | Found Yluoze's Armour Boutique.
 17715 | Orc:2    | Found a roughly hewn altar of Beogh.
 17742 | Orc:2    | Found Qofuwal's Armour Shoppe.
 17762 | Orc:2    | Bought a +3 plate armour of fire resistance for 675 gold pieces
 17921 | Orc:2    | Noticed an orc warlord
 17958 | Orc:2    | Killed an orc warlord
 17994 | Orc:2    | Found Giutuanu's Antique Weapon Shoppe.
 17995 | Orc:2    | Found a roughly hewn altar of Beogh.
 18002 | Orc:2    | Found Wodo's Antique Armour Emporium.
 18012 | Orc:2    | Bought a pair of boots for 112 gold pieces
 18246 | Orc:2    | Found a roughly hewn altar of Beogh.
 18352 | D:11     | Gained mutation: Your cowardice makes you less effective in combat with threatening monsters. [Ru sacrifice]
 18352 | D:11     | Reached **** piety under Ru
 18571 | D:11     | Noticed Sonja
 18572 | D:11     | Noticed Maud
 18653 | D:11     | Killed Maud
 18896 | D:11     | Noticed Harold
 18905 | D:11     | Killed Harold
 19692 | D:12     | Got a coiled turquoise ring
 19740 | D:12     | Noticed Nessos
 19760 | D:12     | Killed Nessos
 19967 | D:12     | Found a flagged portal.
 19992 | Bailey   | Entered a bailey
 20088 | Bailey   | Gained mutation: You are frail. (-10% HP) [Ru sacrifice]
 20088 | Bailey   | Reached ***** piety under Ru
 20273 | Bailey   | Reached XP level 15. HP: 96/124 MP: 14/14
 20987 | D:12     | Identified the ring of Wonder {rC+ MR+} (You found it on level 12 of the Dungeon)
 21153 | D:12     | Reached skill level 15 in Fighting
 21890 | D:13     | Gained mutation: You cannot train Dodging skill. [Ru sacrifice]
 21890 | D:13     | Reached ****** piety under Ru
 21952 | D:13     | Found a basalt altar of Yredelemnul.
 22609 | D:14     | Found a gate to the Vaults.
 23200 | D:14     | Noticed a fire giant
 23403 | D:14     | Killed a fire giant
 23419 | D:14     | Reached skill level 10 in Shields
 23702 | D:14     | Noticed a frost giant
 23753 | D:14     | Killed a frost giant
 23753 | D:14     | Reached XP level 16. HP: 42/134 MP: 15/15
 23859 | D:14     | Identified the Grimoire of Enchanting Earth
 24143 | D:15     | Entered Level 15 of the Dungeon
 24170 | D:15     | Reached XP level 17. HP: 140/140 MP: 16/16
 24190 | D:15     | Found a staircase to the Depths.
 24527 | D:15     | Identified a +1 rod of ignition (9/9) {!a} (You found it on level 6 of the Lair of Beasts)
 25299 | Swamp:1  | Entered Level 1 of the Swamp
 26042 | Swamp:2  | Noticed Frances
 26169 | Swamp:2  | Killed Frances
 26415 | Swamp:2  | Found a deep blue altar of Sif Muna.
 27661 | Swamp:4  | Entered Level 4 of the Swamp
 28341 | Swamp:4  | Noticed Mara
 28392 | Swamp:4  | Noticed Kenran's illusion
 28924 | Swamp:4  | Reached skill level 15 in Shields
 29020 | Swamp:4  | Got a decaying rune of Zot
 29563 | Snake:1  | Entered Level 1 of the Snake Pit
 29717 | Snake:1  | Reached XP level 18. HP: 93/146 MP: 17/17
 30390 | Snake:2  | Found a radiant altar of Vehumet.
 30730 | Snake:2  | Found Ugeteq's Gadget Emporium.
 31034 | Snake:3  | Found Jiol's Magic Scroll Emporium.
 31041 | Snake:3  | Bought a scroll of fog for 32 gold pieces
 31041 | Snake:3  | Bought a scroll of acquirement for 832 gold pieces
 31041 | Snake:3  | Bought a scroll of blinking for 120 gold pieces
 31044 | Snake:3  | Got a dazzling hat
 31056 | Snake:3  | Identified the +2 hat of Xaud {rElec rC+ Dex-5} (You acquired it on level 3 of the Snake Pit)
 31209 | Snake:3  | Noticed Asterion
 31228 | Snake:3  | Killed Asterion
 32928 | Snake:4  | Entered Level 4 of the Snake Pit
 32939 | Snake:4  | Found Mynox's Assorted Antiques.
 33516 | Snake:4  | Noticed ldierk's ghost (adept HOFi)
 33546 | Snake:4  | Killed ldierk's ghost
 34046 | Snake:4  | Reached XP level 19. HP: 99/159 MP: 18/18
 34969 | Snake:4  | Noticed Agnes
 34995 | Snake:4  | Killed Agnes
 35211 | Snake:4  | Got a serpentine rune of Zot
 35519 | Elf:1    | Entered Level 1 of the Elven Halls
 35539 | Orc:2    | Reached skill level 19 in Unarmed Combat
 36143 | Elf:1    | Found a flickering gateway to a bazaar.
 36152 | Bazaar   | Entered a bazaar
 36165 | Bazaar   | Found Kur Caty's Jewellery Emporium.
 36165 | Bazaar   | Found Caut's Gadget Emporium.
 36201 | Bazaar   | Found Wathaig's Jewellery Shoppe.
 36201 | Bazaar   | Found Wutiby's Antique Weapon Shoppe.
 36207 | Bazaar   | Bought the ring of Obetiudgh {MR+ AC+4 Dex+4} for 684 gold pieces
 36535 | Elf:1    | Identified Gechiax's Collected Works on Sinister Rituals
 36987 | Elf:2    | Found Looptoj's Distillery.
 37023 | Elf:2    | Bought a potion of haste for 180 gold pieces
 37023 | Elf:2    | Bought a potion of heal wounds for 90 gold pieces
 37062 | Elf:2    | Reached skill level 20 in Unarmed Combat
 37347 | Elf:2    | Reached XP level 20. HP: 164/170 MP: 19/19
 37533 | Elf:2    | Noticed Nikola
 37565 | Elf:2    | Killed Nikola
 37759 | Elf:2    | Found a huge runed gate.
 37759 | Elf:2    | Found a huge runed gate.
 37759 | Elf:2    | Found a huge runed gate.
 37759 | Elf:2    | Found a huge runed gate.
 37759 | Elf:2    | Found a huge runed gate.
 38026 | Elf:2    | Reached skill level 21 in Unarmed Combat
 38680 | Vaults:1 | Entered Level 1 of the Vaults
 38966 | Vaults:1 | Found Kunlatoto's Book Emporium.
 39051 | Vaults:1 | Got a pair of shimmering boots
 39054 | Vaults:1 | Identified the +2 pair of boots of Pride {Int+7} (You found it on level 1 of the Vaults)
 39655 | Vaults:1 | Reached skill level 22 in Unarmed Combat
 40713 | Vaults:2 | Noticed a tengu reaver
 40758 | Vaults:2 | Reached XP level 21. HP: 76/175 MP: 15/20
 40772 | Vaults:2 | Killed a tengu reaver
 41602 | Vaults:2 | Found a staircase to the Crypt.
 42228 | Vaults:3 | Reached skill level 15 in Armour
 42528 | Vaults:3 | Noticed Margery
 42577 | Vaults:3 | Killed Margery
 44669 | Vaults:4 | Paralysed by a giant eyeball for 2 turns
 44776 | Vaults:4 | Reached XP level 22. HP: 189/189 MP: 21/21
 45284 | Vaults:5 | Entered Level 5 of the Vaults
 45289 | Vaults:5 | Noticed a tengu reaver
 45335 | Vaults:5 | Noticed a storm dragon
 45335 | Vaults:5 | Killed a storm dragon
 45339 | Vaults:5 | Killed a tengu reaver
 45915 | Vaults:5 | Noticed a titan
 45920 | Vaults:5 | Noticed a titan
 45924 | Vaults:5 | Noticed a titan
 45933 | Vaults:5 | Killed a titan
 46140 | Vaults:5 | Noticed a golden dragon
 46164 | Vaults:5 | Killed a golden dragon
 46186 | Vaults:5 | Reached skill level 23 in Unarmed Combat
 46287 | Vaults:5 | Noticed a storm dragon
 46304 | Vaults:5 | Killed a storm dragon
 46435 | Vaults:5 | Noticed a titan
 46451 | Vaults:5 | Killed a titan
 46481 | Vaults:5 | Identified the Almanac of Sinister Arts and the Voyage (You found it on level 5 of the Vaults)
 46501 | Vaults:5 | Identified the Handbook of Harmful Contamination (You found it on level 5 of the Vaults)
 46575 | Vaults:5 | Reached XP level 23. HP: 67/199 MP: 22/22
 46586 | Vaults:5 | Killed a titan
 46652 | Vaults:5 | Noticed a tengu reaver
 46657 | Vaults:5 | Noticed a titan
 46680 | Vaults:5 | Killed a tengu reaver
 46706 | Vaults:5 | Killed a titan
 46754 | Vaults:5 | Identified a +3 rod of clouds (13/13) {!a} (You took it off an ironheart preserver on level 5 of the Vaults)
 46821 | Vaults:5 | Reached skill level 24 in Unarmed Combat
 47075 | Vaults:5 | Noticed a storm dragon
 47108 | Vaults:5 | Killed a storm dragon
 47167 | Vaults:5 | Noticed a golden dragon
 47183 | Vaults:4 | Killed a golden dragon
 47280 | Vaults:5 | Killed a titan
 47673 | Vaults:5 | Got a silver rune of Zot
 47714 | Vaults:5 | Got a polished plate armour
 47716 | Vaults:5 | Identified the +5 plate armour of the Loofah {rC+ MR+ Dex-3} (You found it on level 5 of the Vaults)
 48452 | Depths:1 | Entered Level 1 of the Depths
 49114 | Depths:1 | Found a gateway to Hell.
 49401 | Depths:2 | Found a gateway to a ziggurat.
 49748 | Depths:2 | Reached XP level 24. HP: 202/207 MP: 22/22
 49777 | Depths:2 | Found a one-way gate to the infinite horrors of the Abyss.
 49916 | Depths:2 | Noticed a storm dragon
 49924 | Depths:2 | Killed a storm dragon
 50177 | Depths:2 | Noticed a caustic shrike
 50182 | Depths:2 | Noticed a caustic shrike
 50184 | Depths:2 | Noticed a caustic shrike
 50198 | Depths:2 | Killed a caustic shrike
 50204 | Depths:2 | Killed a caustic shrike
 50219 | Depths:2 | Noticed a titan
 50226 | Depths:2 | Slain by a titan

Vault maps used:
D:1:      minmay_arrival_four_houses
D:2:      yredelemnul_altar_generic, ecumenical_altar_2,
          minmay_tree_intersection, cheibrodos_gnoll_hut, uniq_terence
D:3:      first_bread, grunt_ministairs_13
D:4:      minitemple, okawaru_altar_gauntlet_db, kennysheep_mini,
          temple_fountains
D:5:      lemuel_crystal_altar, uniq_crazy_yiuf_cottage
D:6:      uniq_blork_the_orc
D:7:      basic_altar
D:8:      minmay_lair_entry_lava
D:9:      fedhas_altar_2, lemuel_doored_altar, serial_shops, nicolae_shop_stone,
          minmay_misc_feat_rugged
D:10:     david_orc_4, uniq_erica
D:11:     special_room, hangedman_little_slice_of_home, nrook_mini_backslash,
          statue_in_the_mist_lemuel, fungi_pond_lemuel, uniq_harold, uniq_sonja,
          uniq_maud
D:12:     enter_bailey_3, uniq_nessos
D:13:     kennysheep_bubbly, serial_ice, serial_ice_f, serial_ice_o,
          serial_ice_n, serial_ice_g, basic_altar, nrook_mini_vaults
D:14:     regret_index_bee_streams, david_vaults_1
D:15:     grunt_enter_depths_giant_problem, st_stairs_13
Temple:   circular_temple_12
Lair:1:   zaba_antful_of_joy, grunt_megastairs_2
Lair:2:   nicolae_swamp_entry_splash_gauntlet, guppyfry_snake_entry_island,
          serial_bayou_lagoon_b
Lair:3:   uniq_nergalle
Lair:4:   kennysheep_basilisk_garden, grunt_megastairs_4
Lair:5:   kennysheep_abandoned_house, dpeg_slime_entry_enclosed_altar,
          portal_ice_cave_entry_imps, roderic_lost_polar_bear
Lair:6:   grunt_lair_end_beastmaster, basic_altar, grunt_megastairs_3
Swamp:1:  serial_swamp_ruin, hangedman_swamp_ruin_wall,
          evilmike_swamp_ruin_house_1, swamp_pool4
Swamp:2:  nicolae_swamp_feature_on_the_river_bank, infiniplex_staircase_pool,
          uniq_frances
Swamp:3:  evilmike_swamp_ruin_rubble_1
Swamp:4:  swamp_icy, swamp_pool2, grunt_witch_cave, uniq_mara
Snake:2:  serial_shops, shop, basic_altar, special_room, st_stairs_9
Snake:3:  serial_shops, shop, uniq_asterion
Snake:4:  grunt_snake_rune_serpentine_throne, serial_shops, shop, uniq_agnes
Orc:2:    grunt_orc_community_town_hall, grunt_orc_community_big_house_1,
          grunt_orc_community_big_house_1, grunt_orc_community_house_2,
          grunt_orc_community_house_1, grunt_orc_community_house_1,
          grunt_orc_community_house_1, grunt_orc_community_house_1,
          grunt_orc_community_house_1, special_room, minmay_orc_keep
Elf:1:    minmay_elf_arrival_circle, serial_shops, bzr_entry_dummy,
          minmay_elf_necromancy, minivault_25, nicolae_elf_big_sculpture_2
Elf:2:    serial_shops, shop_coins, minmay_misc_feat_ornament, nooodl_food_tri,
          uniq_nikola
Vaults:1: ontoclasm_vaults_idyll, grunt_vaults_twisty, v_misc_4,
          nicolae_vaults_little_squares_6,
          vaults_standard_mumra_enter_the_diamond, grunt_vaults_diagonal,
          vaults_mumra_chevron, nicolae_vaults_little_squares_2, serial_shops,
          shop
Vaults:2: vaults_room_stairs_pillars, blue_anna_dwarven_crypt,
          nicolae_vaults_circle_grid_b, hangedman_vaults_pinch, st_star,
          v_pattern_1, hangedman_vaults_snaps, serial_ice_g,
          nicolae_vaults_three_branches, hangedman_vaults_cutoff
Vaults:3: v_pattern_5, nicolae_vaults_network_quinsquares,
          ontoclasm_vaults_loading_screen, grunt_vaults_trifunnel,
          ontoclasm_vaults_ligature, nicolae_vaults_diagonal_hallway_8,
          v_misc_27, uniq_margery
Vaults:4: v_misc_5, v_misc_8, vaults_room_door_hall, ontoclasm_vaults_chip,
          nicolae_vaults_circle_grid_b, vaults_room_boxed, vaults_mumra_lcd,
          nicolae_vaults_border_crossing, hangedman_vaults_maws,
          nicolae_vaults_rhombus_5, nicolae_vaults_rhombus_6
Vaults:5: serial_shops
Depths:1: hangedman_abyss_or_decor_slice, hell_entry, lemuel_another_geyser
Depths:2: grunt_runaround, hell_entry, abyss_entry
Bazaar:   grunt_bazaar_doublecross
Bailey:   bailey_polearm_flooded_kennysheep, bailey
IceCv:    ice_cave_small_dragons

Skill      XL: |  1  2  3  4  5  6  7  8  9 10 11 12 13 14 15 16 17 18 19 20 21 22 23 24 |
---------------+-------------------------------------------------------------------------+-----
Unarmed Combat | 3 4 5 6 8 9 11 13 15 18 20 22 23 24 | 24.1
Shields        | 4 5 10 12 15 18 | 18.5
Fighting       | 6 8 11 14 15 17 18 20 21 22 | 22.0
Armour         | 6 8 9 10 12 13 15 16 | 16.9
Dodging        | 4 6 8 0 |  0.0

Action                   |  1- 3 |  4- 6 |  7- 9 | 10-12 | 13-15 | 16-18 | 19-21 | 22-24 || total
-------------------------+-------+-------+-------+-------+-------+-------+-------+-------++-------
Melee: Unarmed           |    93 |   164 |   399 |   837 |  1775 |  1633 |  2220 |  1291 ||  8412
       Punch             |     1 |     6 |       |       |       |       |       |       ||     7
Invok: Sacrifice Health  |       |       |       |     1 |     1 |       |       |       ||     2
       Sacrifice Love    |       |       |       |     1 |       |       |       |       ||     1
       Sacrifice Arcana  |       |       |       |     1 |       |       |       |       ||     1
       Draw Out Power    |       |       |       |       |     1 |       |     1 |     2 ||     4
       Reject Sacrifices |       |       |       |       |     1 |       |       |       ||     1
       Sacrifice Stealth |       |       |       |       |     1 |       |       |       ||     1
       Sacrifice Courage |       |       |       |       |     1 |       |       |       ||     1
       Power Leap        |       |       |       |       |     3 |     1 |     2 |     1 ||     7
       Sacrifice Nimblen |       |       |       |       |     1 |       |       |       ||     1
       Apocalypse        |       |       |       |       |       |       |       |     2 ||     2
Evoke: Wand              |       |       |       |     2 |     1 |       |       |     2 ||     5
       Phial of floods   |       |       |       |       |       |     1 |       |       ||     1
       Rod               |       |       |       |       |       |       |       |     1 ||     1
  Use: Scroll            |     5 |     4 |     6 |     8 |    10 |     9 |     7 |     9 ||    58
       Potion            |       |       |     2 |     6 |     6 |     4 |     4 |     7 ||    29
 Stab: Distracted        |       |       |       |     3 |     5 |    13 |    13 |    10 ||    44
       Invisible         |       |       |       |     2 |    22 |    39 |    31 |    17 ||   111
       Petrified         |       |       |       |     1 |       |       |       |       ||     1
       Paralysed         |       |       |       |       |     6 |     6 |     9 |     5 ||    26
       Confused          |       |       |       |       |       |       |       |     2 ||     2
  Eat: Chunk             |     6 |    25 |    17 |    71 |   101 |   122 |   115 |   113 ||   570
       Royal jelly       |       |       |       |       |     1 |       |       |       ||     1
Armor: Scale mail        |    44 |    66 |    33 |       |       |       |       |       ||   143
       Plate armour      |       |       |    95 |   345 |   479 |       |       |       ||   919
       Crystal plate arm |       |       |       |       |   192 |   635 |   590 |   421 ||  1838
Dodge: Dodged            |    41 |    59 |    79 |   218 |   434 |   117 |   150 |   101 ||  1199
Block: Buckler           |       |       |    86 |   236 |   383 |       |       |       ||   705
       Shield            |       |       |       |       |   189 |   901 |   918 |   588 ||  2596
